 Dungeon Crawl Stone Soup version 0.32-a0-520-g344ed53f66 (webtiles) character file.

Game seed: 18130440254066435096

3329 pokeman the Thaumaturge (level 9, -10/50 HPs)
             Began as a Deep Elf Hedge Wizard on Feb 24, 2024.
             Was a Follower of Vehumet.
             Mangled by Harold
             ... wielding a +0 long sword
              (17 damage)
             ... on level 9 of the Dungeon on Feb 27, 2024.
             The game lasted 00:19:39 (9240 turns).

pokeman the Thaumaturge (Deep Elf Hedge Wizard)     Turns: 9240, Time: 00:19:40

Health: -10/50     AC:  9    Str:  7    XL:     9   Next: 71%
Magic:  23/36      EV: 12    Int: 24    God:    Vehumet [*.....]
Gold:   461        SH:  5    Dex: 14    Spells: 20/33 levels left

rFire   + . .        K - +0 hand axe (elec)
rCold   . . .        (no shield)
rNeg    . . .        D - +1 leather armour {rF+}
rPois   .            u - +1 helmet
rElec   .            G - +0 cloak
rCorr   .            (no gloves)
SInv    .            c - +0 pair of boots
Will    +....        x - amulet of reflection
Stlth   ++           n - ring of willpower
HPRegen 0.28/turn    b - ring of magical power
MPRegen 0.25/turn

%: reflection
@: no status effects
A: no striking features
a: Renounce Religion


You were on level 9 of the Dungeon.
You worshipped Vehumet.
Vehumet was aware of your devotion.
You visited 2 branches of the dungeon, and saw 10 of its levels.

You collected 461 gold pieces.

Inventory:

Hand Weapons
 F - a +3 quarterstaff of chaos
 K - a +0 hand axe of electrocution (weapon)
Missiles
 y - 2 throwing nets
Armour
 c - a +0 pair of boots (worn)
 u - a +1 helmet (worn)
 D - a +1 leather armour of fire resistance (worn)
 G - a +0 cloak (worn)
Magical Staves
 w - a staff of alchemy
 A - a staff of air
Jewellery
 b - a ring of magical power (right hand)
 n - a ring of willpower (left hand)
 q - a ring of see invisible
 v - a ring of positive energy
 x - an amulet of reflection (around neck)
 B - a ring of ice
 E - a +6 ring of dexterity
Scrolls
 a - a scroll of fog {unknown}
 e - 2 scrolls of fear {unknown}
 h - a scroll of torment {unknown}
 i - 4 scrolls of enchant armour {unknown}
 l - 5 scrolls of identify {unknown}
 m - 3 scrolls of teleportation {unknown}
 o - a scroll of blinking {unknown}
 p - 2 scrolls of noise {unknown}
 r - 2 scrolls of enchant weapon {unknown}
 I - a scroll of brand weapon {unknown}
 J - a scroll of revelation {unknown}
Potions
 d - a potion of magic
 f - 4 potions of heal wounds {unknown}
 g - a potion of brilliance {unknown}
 j - 3 potions of attraction {unknown}
 k - 3 potions of might {unknown}
 s - a potion of invisibility {unknown}
 t - a potion of mutation {unknown}
 z - 6 potions of curing {unknown}
 C - a potion of lignification {unknown}
 H - a potion of degeneration {unknown}


   Skills:
 + Level 3.0 Fighting
 - Level 4.0 Armour
 - Level 3.0 Dodging
 - Level 3.0 Stealth
 * Level 12.7 Spellcasting
 + Level 7.1 Conjurations
 - Level 1.1 Summonings
 - Level 1.1 Translocations
 + Level 3.3 Ice Magic
 - Level 1.1 Air Magic
 - Level 1.1 Alchemy
 - Level 1.2 Evocations


You had 20 spell levels left.
You knew the following spells:

 Your Spells              Type           Power      Damage    Failure   Level
a - Magic Dart            Conj           100%       1d8       1%          1
b - Mephitic Cloud        Conj/Alch/Air  30%        N/A       4%          3
c - Call Imp              Summ           40%        N/A       5%          2
d - Blink                 Tloc           40%        N/A       5%          2
e - Freeze                Ice            100%       1d10      1%          1
f - Iskenderun's Mystic   Conj/Tloc      35%        2d8       11%         4

Your spell library contained the following spells:

 Spells                   Type           Power      Damage    Failure   Level
 Searing Ray              Conj           98%        2d8       1%          2
 Ensorcelled Hibernation  Hex/Ice        46%        N/A       4%          2
 Necrotise                Necr           60%        1d7       6%          1
 Slow                     Hex            60%        N/A       6%          1
 Cigotuvi's Dreadful Rot  Necr/Alch/Air  36%        N/A       6%          2
 Swiftness                Air            20%        N/A       11%         3
 Fulminant Prism          Conj/Alch      17%        3d10      11%         4
 Volatile Blastmotes      Fire/Tloc      34%        2d12      14%         3
 Passwall                 Erth           15%        N/A       17%         3
 Vampiric Draining        Necr           15%        2d7       17%         3
 Martyr's Knell           Necr/Summ      17%        N/A       43%         4
 Curse of Agony           Necr           15%        N/A       85%         5


Dungeon Overview and Level Annotations

Branches:
Dungeon (9/15)             Temple (1/1) D:5
   Lair: D:8-11         Orc: D:9-12

Altars:
Ashenzari
Cheibriados
Dithmenos
Elyvilon
Fedhas
Gozag
Hepliaklqana
Kikubaaqudgha
Makhleb
Nemelex Xobeh
Okawaru
Qazlal
Ru
Sif Muna
Trog
Uskayaw
Vehumet
Wu Jian
Xom
Yredelemnul
Zin
The Shining One

Shops:
D:1 *:==[   D:3 *

Annotations:
D:6 1 runed translucent door, dogverified's ghost, novice DEIE
D:7 2 transporters, exclusion: ice statue, TheBioAlchemist's ghost, novice MDFi
D:9 Harold


Message History

Harold is moderately wounded.
Harold is engulfed in noxious fumes.
Harold appears confused.
The orc wizard hits itself with a +3 dagger.
Unknown command.
Unknown command.
Unknown command.
Harold is engulfed in noxious fumes.
Unknown command.
The orc is engulfed in noxious fumes.
The orc appears confused.
Unknown command.
You catch the helpless Harold completely off-guard!
You hit Harold but do no damage.
Harold is lightly wounded.
You catch the helpless orc warrior completely off-guard!
You hit the orc warrior but do no damage.
Harold hits you with a +0 long sword.
Unknown command.
You barely miss Harold.
Harold is lightly wounded.
The orc is engulfed in noxious fumes.
The orc appears confused.
Harold is engulfed in noxious fumes.
The orc wizard barely misses the orc.
The orc closely misses the orc warrior.
Unknown command.
You hit Harold.
Harold is moderately wounded.
You hit the orc warrior but do no damage.
Harold hits you with a +0 long sword.
The orc warrior is engulfed in noxious fumes.
The orc warrior appears confused.
The orc warrior hits you with a +0 war axe!
You hit Harold but do no damage.
Harold is moderately wounded.
You hit the orc warrior.
Harold seems less confused.
You block Harold's attack.
The orc warrior is engulfed in noxious fumes.
The orc warrior appears confused.
The orc warrior hits you with a +0 war axe!
* * * LOW HITPOINT WARNING * * *
Harold hits you with a +0 long sword!
You die...
Harold says, "Can't wait to tell my little ones about this."

##########
.........#
.........#
.........#
........@#
.!.....@§#
....).o☼o#
.........#
.....o..<#
##########


You could see Harold, an orc warrior (confused), an orc wizard (confused) and an
orc (confused).

Vanquished Creatures
  Prince Ribbit (D:7)
  6 yaks (D:8)
  2 steam dragons
  A water moccasin (D:7)
  An ice beast (D:5)
  A black bear (D:5)
  2 ogres
  A centaur (D:7)
  2 bullfrogs
  2 scorpions (D:6)
  8 wights
  2 howler monkeys (D:8)
  2 orc priests (D:5)
  3 jellies
  2 bombardier beetles (D:5)
  Crazy Yiuf (D:7)
  3 hounds
  3 orc wizards
  2 iguanas
  Robin (D:3)
  11 adders
  A white imp (D:5)
  A ribbon worm (D:5)
  2 dart slugs (D:3)
  16 orcs
  8 bats
  3 endoplasms
  18 giant cockroaches
  16 goblins
  9 hobgoblins
  3 jackals (D:3)
  8 kobolds
  5 quokkas
  10 ball pythons
  An orc zombie (D:8)
  11 rats
169 creatures vanquished.

Vanquished Creatures (collateral kills)
  A wight (D:8)
  An orc wizard (D:5)
2 creatures vanquished.

Grand Total: 171 creatures vanquished

Notes
Turn   | Place    | Note
-------+----------+-------------------------------------------
     0 | D:1      | pokeman the Deep Elf Hedge Wizard began the quest for the
                  | Orb.
     0 | D:1      | Reached XP level 1. HP: 10/10 MP: 7/7
   192 | D:1      | Reached XP level 2. HP: 13/15 MP: 1/9
   505 | D:1      | Found Bebradet's Jewellery Shoppe.
   518 | D:1      | Found Syuqeam's Jewellery Shoppe.
   620 | D:1      | Found Efolag's Assorted Antiques.
   712 | D:1      | Reached skill level 5 in Spellcasting
   756 | D:1      | Found Reizuc's Antique Armour Boutique.
  1023 | D:1      | Reached XP level 3. HP: 16/20 MP: 3/11
  1027 | D:1      | Learned a level 3 spell: Mephitic Cloud
  1030 | D:1      | Learned a level 2 spell: Call Imp
  1033 | D:1      | Learned a level 2 spell: Blink
  1108 | D:1      | Found Gaxkik's Book Shoppe.
  1730 | D:2      | Reached skill level 1 in Fighting
  1781 | D:2      | Reached skill level 1 in Armour
  2156 | D:2      | Reached XP level 4. HP: 25/25 MP: 9/13
  2703 | D:3      | Found Zin's Purification Station.
  2706 | D:3      | Found a glowing silver altar of Zin.
  3209 | D:3      | Noticed Robin
  3412 | D:3      | Reached skill level 6 in Spellcasting
  3412 | D:3      | Reached XP level 5. HP: 23/29 MP: 8/15
  3899 | D:3      | Killed Robin
  4159 | D:4      | Reached skill level 1 in Air Magic
  4159 | D:4      | Reached skill level 1 in Alchemy
  4434 | D:4      | Found a white marble altar of Elyvilon.
  4434 | D:4      | Found a sacrificial altar of Ru.
  4614 | D:4      | Found a radiant altar of Vehumet.
  4622 | D:4      | Became a worshipper of Vehumet
  4924 | D:4      | Noticed an ogre
  4931 | D:4      | Killed an ogre
  4932 | D:4      | Reached skill level 7 in Spellcasting
  4932 | D:4      | Reached XP level 6. HP: 34/34 MP: 11/18
  5001 | D:4      | Found a basalt altar of Yredelemnul.
  5180 | D:5      | Entered Level 5 of the Dungeon
  5299 | D:5      | Found a staircase to the Ecumenical Temple.
  5400 | D:5      | Reached XP level 7. HP: 10/40 MP: 11/20
  5426 | Temple   | Entered the Ecumenical Temple
  5577 | D:5      | Reached skill level 8 in Spellcasting
  5652 | D:5      | Found a shadowy altar of Dithmenos.
  6287 | D:6      | Reached skill level 9 in Spellcasting
  6312 | D:6      | Reached XP level 8. HP: 44/44 MP: 1/23
  6739 | D:6      | Reached skill level 5 in Conjurations
  6824 | D:6      | Noticed dogverified's ghost (novice DEIE)
  6827 | D:6      | Found a runed translucent door.
  7259 | D:7      | Found a transporter.
  7291 | D:7      | Reached skill level 10 in Spellcasting
  7509 | D:7      | Noticed Prince Ribbit
  7535 | D:7      | Killed Prince Ribbit
  7536 | D:7      | Reached skill level 11 in Spellcasting
  7671 | D:7      | Noticed an ice statue
  7671 | D:7      | Noticed a two-headed ogre
  7671 | D:7      | Noticed a troll
  7673 | D:7      | Noticed a slime creature
  7681 | D:7      | Reached * piety under Vehumet
  7681 | D:7      | Offered knowledge of Freeze by Vehumet.
  7684 | D:7      | Learned a level 1 spell: Freeze
  7700 | D:7      | Found a burning altar of Makhleb.
  7723 | D:7      | Noticed a hornet
  7727 | D:7      | Identified the ring "Elycsel" {Fly rF+ Int-5 SInv}
  7736 | D:7      | Noticed TheBioAlchemist's ghost (novice MDFi)
  7740 | D:7      | Found a transporter.
  7826 | D:7      | Found a runed translucent door.
  7827 | D:7      | Noticed Crazy Yiuf
  7845 | D:7      | Killed Crazy Yiuf
  7857 | D:7      | Upgraded the game from 0.32-a0-450-g080537f31e to
                  | 0.32-a0-520-g344ed53f66
  8007 | D:7      | Noticed a cyclops
  8286 | D:8      | Reached XP level 9. HP: 36/48 MP: 26/26
  8394 | D:8      | Reached skill level 1 in Ice Magic
  8394 | D:8      | Reached skill level 1 in Evocations
  8416 | D:8      | Reached skill level 12 in Spellcasting
  8924 | D:8      | Learned a level 4 spell: Iskenderun's Mystic Blast
  9004 | D:4      | Reached ** piety under Vehumet
  9219 | D:9      | Noticed Harold
  9229 | D:9      | Offered knowledge of Searing Ray by Vehumet.
  9240 | D:9      | Mangled by Harold

Illustrated notes

Levels and vault maps discovered:
D:1:      tarquinn_simple_flora_water_a, layout_basic, serial_shops,
          nicolae_shop_advertising_works [nicolae_subvault_shop_adworks],
          nicolae_shop_window_shopping, nicolae_shop_crystal, shop, shop,
          serial_bayou_lagoon_a
D:2:      minmay_roachtagon, layout_basic
D:3:      kennysheep_goblin_castle, layout_loops_ring, zin_purify,
          minmay_snake_closets
D:4:      layout_basic, old_standard_altar,
          chequers_temple_overflow_statue_of_worship, kennysheep_generic_room_4
D:5:      layout_cave_pools, mainiacjoe_overflow_brackets,
          minmay_temple_entry_antechambers
D:6:      layout_loops_ring, hellmonk_ghost_happy_afterlife
D:7:      layout_loops_cross, makhleb_heckhound_becter, nzn_ghost_randoct,
          uniq_prince_ribbit1, uniq_crazy_yiuf_cottage
D:8:      layout_basic, nicolae_tricolors
D:9:      layout_long_grid, david_lair_generic, enter_bailey_2, serial_shops,
          shop_coins, minmay_increasing_density, uniq_harold, uniq_grum,
          uniq_pikel
Temple:   regret_index_temple_generic_petals

Skill      XL: |  1  2  3  4  5  6  7  8  9 |
---------------+----------------------------+-----
Spellcasting   | 5 6 7 9 11 12 | 12.7
Fighting       | 1 2 3 |  3.0
Conjurations   | 2 3 4 6 7 |  7.1
Armour         | 1 2 3 4 |  4.0
Stealth        | 3 |  3.0
Dodging        | 3 |  3.0
Air Magic      | 1 |  1.1
Alchemy        | 1 |  1.1
Ice Magic      | 3 |  3.3
Evocations     | 1 |  1.2
Summonings     | |  1.1
Translocations | |  1.1

Action                     |  1- 3 |  4- 6 |  7- 9 || total
---------------------------+-------+-------+-------++-------
  Melee: Dagger            |    62 |    33 |     7 ||   102
         Mace              |       |       |    55 ||    55
         Quarterstaff      |       |       |    20 ||    20
         Hand axe          |       |       |    39 ||    39
   Cast: Magic Dart        |   115 |   162 |   145 ||   422
         Blink             |       |     1 |     6 ||     7
         Mephitic Cloud    |       |     4 |    23 ||    27
         Call Imp          |       |     2 |     7 ||     9
         Iskenderun's Myst |       |       |     8 ||     8
   Stab: Confused          |       |     6 |    19 ||    25
         Distracted        |       |       |     1 ||     1
         Paralysed         |       |       |     1 ||     1
 Armour: Robe              |    42 |    49 |     3 ||    94
         Leather armour    |       |       |    89 ||    89
  Dodge: Dodged            |    54 |    44 |    77 ||   175
  Block: Other             |       |     4 |    24 ||    28

Table legend: (Time is in decaauts)
 A = Elapsed time spent in this place.
 B = Non-inter-level travel time spent in this place.
 C = Inter-level travel time spent in this place.
 D = Time resting spent in this place.
 E = Time spent auto-exploring this place.
 F = Levels seen in this place.
 G = Mean time per level.
                   A        B        C        D        E       F      G
               +--------+--------+--------+--------+--------+-----+--------+
         Total |   9294 |   8906 |    388 |    360 |   7269 |  10 |  929.4 |
       Dungeon |   9157 |   8769 |    388 |    225 |   7269 |   9 | 1017.4 |
        Temple |    136 |    136 |      0 |    135 |      0 |   1 |  136.0 |
               +--------+--------+--------+--------+--------+-----+--------+

Top non-repeatable levels by time:
     D:3: 1751 daAuts
     D:1: 1455 daAuts
     D:4: 1308 daAuts
     D:5: 1068 daAuts
     D:6: 973 daAuts
     D:7: 919 daAuts
     D:2: 835 daAuts
     D:8: 823 daAuts
  Temple: 136 daAuts
     D:9: 23 daAuts
